details: '50 food ftw'

« prev index next »

General information

Mini Map

Players

team 1
Random» NightElfZefroth (purple | 48 APM | 1491 actions | 31:20)
Hero icon 5 Warden
Ability icon 3 Fan of Knives
Ability icon 2 Shadow Strike
Hero icon 4 Firelord
Ability icon 2 Summon Lava Spawn
Ability icon 2 Soul Burn

» actions
Assign group hotkey65
Basic commands87
Build / train111
Enter build submenu41
Enter hero's abilities submenu9
Give item / drop item3
Remove unit from queue7
Right click351
Select / deselect591
Select group hotkey79
Use ability147
1491 total
» units
Wisp45
Archer11
Huntress3
Hippogryph2
Glaive Thrower2
Chimaera2
65 total
» upgrades
Strength of the Moon3
Moon Armor3
Hippogryph Taming1
Improved Bows1
Abolish Magic1
Druid of the Claw Training2
Strength of the Wild2
Reinforced Hides3
Well Spring1
Marksmanship1
Corrosive Breath1
19 total
» buildings
Altar of Elders2
Moon Well13
Ancient of War5
Hunter's Hall3
Tree of Life5
Tree of Ages1
Ancient of Wind3
Ancient of Lore2
Tree of Eternity1
Chimaera Roost3
Ancient Protector1
39 total
» build order
00:21 Altar of Elders
00:43 Moon Well
01:24 Ancient of War
01:46 Ancient of War
02:19 Moon Well
03:03 Moon Well
03:49 Moon Well
03:53 Hunter's Hall
05:23 Tree of Life
05:59 Tree of Ages
10:03 Ancient of Wind
10:07 Ancient of Wind
12:43 Ancient of Lore
12:45 Ancient of Lore
13:38 Hunter's Hall
14:14 Tree of Life
14:23 Tree of Eternity
14:54 Moon Well
16:02 Moon Well
18:37 Chimaera Roost
18:41 Chimaera Roost
20:16 Chimaera Roost
20:19 Moon Well
20:47 Ancient Protector
24:57 Tree of Life
26:32 Tree of Life
26:34 Moon Well
26:37 Moon Well
26:38 Moon Well
26:39 Moon Well
26:41 Moon Well
26:43 Ancient of War
26:45 Ancient of War
26:49 Hunter's Hall
26:52 Altar of Elders
27:10 Ancient of War
28:09 Ancient of Wind
28:23 Moon Well
30:54 Tree of Life
» items
Potion of Lesser Invulnerability4
Scroll of Town Portal3
7 total
team 2
Humanpps.0 (pink | 71 APM | 2226 actions | 31:22)
Hero icon 6 Dark Ranger
Ability icon 2 Black Arrow
Ability icon 3 Life Drain
Ability icon 1 Charm
Hero icon 3 Archmage
Ability icon 1 Summon Water Elemental
Ability icon 2 Brilliance Aura
Hero icon 3 Mountain King
Ability icon 2 Storm Bolt
Ability icon 1 Thunder Clap

» actions
Assign group hotkey63
Basic commands208
Build / train121
ESC pressed5
Enter build submenu60
Enter hero's abilities submenu12
Give item / drop item4
Right click682
Select / deselect486
Select group hotkey308
Use ability277
2226 total
» units
Peasant30
Footman8
Rifleman10
Goblin Shredder1
Siege Engine8
Knight2
Flying Machine4
63 total
» upgrades
Defend1
Gunpowder3
Masonry3
Long Rifles1
Armor1
Barrage1
Plating1
Flak Cannons1
12 total
» buildings
Barracks1
Farm19
Altar of Kings1
Lumber Mill1
Blacksmith1
Scout Tower27
Town Hall2
Arcane Vault1
Guard Tower16
Arcane Tower1
Keep3
Arcane Sanctum2
Workshop4
Castle1
80 total
» build order
00:06 Barracks
00:23 Farm
00:24 Farm
01:08 Altar of Kings
01:35 Farm
02:10 Farm
03:08 Farm
04:48 Lumber Mill
04:50 Blacksmith
04:55 Scout Tower
04:56 Scout Tower
04:57 Scout Tower
04:57 Scout Tower
04:58 Scout Tower
04:58 Scout Tower
05:36 Town Hall
05:48 Town Hall
06:18 Scout Tower
06:19 Scout Tower
06:31 Arcane Vault
07:46 Guard Tower
07:48 Arcane Tower
07:51 Scout Tower
07:52 Scout Tower
07:53 Scout Tower
07:53 Scout Tower
07:54 Scout Tower
08:33 Guard Tower
08:34 Guard Tower
08:36 Guard Tower
08:51 Scout Tower
08:51 Scout Tower
08:56 Guard Tower
09:09 Guard Tower
09:10 Guard Tower
09:36 Guard Tower
09:41 Farm
09:46 Scout Tower
09:47 Scout Tower
09:48 Scout Tower
09:49 Scout Tower
09:58 Scout Tower
09:59 Scout Tower
10:14 Keep
10:14 Keep
10:31 Guard Tower
10:33 Guard Tower
11:14 Guard Tower
11:19 Guard Tower
13:17 Arcane Sanctum
13:20 Workshop
13:20 Workshop
14:28 Arcane Sanctum
14:50 Scout Tower
14:51 Scout Tower
14:53 Scout Tower
14:55 Scout Tower
14:56 Scout Tower
15:24 Guard Tower
15:33 Castle
15:42 Guard Tower
15:54 Guard Tower
15:55 Farm
15:59 Scout Tower
16:44 Guard Tower
17:09 Workshop
18:29 Workshop
19:53 Farm
20:15 Farm
20:15 Farm
20:16 Farm
20:18 Farm
20:48 Farm
20:48 Farm
20:50 Farm
20:50 Farm
21:25 Farm
21:26 Farm
21:40 Farm
» items
Boots of Speed1
Periapt of Vitality1
Mechanical Critter1
Scroll of Regeneration2
Orb of Fire1
Staff of Sanctuary1
Potion of Healing2
9 total